 Dungeon Crawl Stone Soup version 0.21.1-1-g345015f (webtiles) character file.

1326 manyhoops the Poker (level 8, 0/60 HPs)
             Began as a Gnoll Wanderer on Mar 18, 2018.
             Was a Follower of Fedhas.
             Slain by an ice beast (7 damage)
             ... on level 6 of the Dungeon.
             The game lasted 00:07:57 (4963 turns).

manyhoops the Poker (Gnoll Wanderer)                Turns: 4963, Time: 00:07:59

Health: 0/60       AC:  5    Str: 19    XL:     8   Next: 60%
Magic:  13/13      EV: 12    Int: 14    God:    Fedhas [*.....]
Gold:   357        SH:  0    Dex: 13    Spells: 13/13 levels left

rFire    . . .     SeeInvis .   d - +0 spear
rCold    . . .     Gourm    .   (no shield)
rNeg     . . .     Faith    +   a - +0 leather armour
rPois    .         Spirit   .   (no helmet)
rElec    .         Reflect  .   l - +1 cloak
rCorr    .         Harm     .   (no gloves)
MR       .....                  (no boots)
Stlth    ++........             j - amulet of faith
HPRegen  0.20/turn              (no ring)
MPRegen  0.13/turn              (no ring)

@: heavily drained
A: distributed training, fangs 1, talons 1, no potion heal 1, strong nose
a: Fungal Bloom, Evolution, Renounce Religion


You were on level 6 of the Dungeon.
You worshipped Fedhas.
Fedhas was aware of your devotion.
You were near starving.

You visited 1 branch of the dungeon, and saw 6 of its levels.

You collected 357 gold pieces.

Inventory:

Hand Weapons
 d - a +0 spear (weapon)
 e - a +0 dagger
 m - a +0 blowgun
Missiles
 n - 5 curare-tipped needles
Armour
 a - a +0 leather armour (worn)
 l - a +1 cloak (worn)
Jewellery
 i - an uncursed amulet of harm
 j - an amulet of faith (around neck)
Scrolls
 k - 2 scrolls of enchant weapon
 p - 2 scrolls of enchant armour
 r - a scroll of remove curse
Potions
 b - a potion of curing
 c - a potion of cancellation
 s - a potion of might
Comestibles
 f - 2 rations


   Skills:
 + Level 4.3(2.8) Fighting
 + Level 3.3(1.9) Short Blades
 + Level 3.3(1.9) Long Blades
 + Level 4.3(2.8) Axes
 + Level 3.3(1.9) Maces & Flails
 + Level 7.4(5.8) Polearms
 + Level 3.3(1.9) Staves
 + Level 3.3(1.9) Slings
 + Level 3.3(1.9) Bows
 + Level 3.3(1.9) Crossbows
 + Level 4.3(2.8) Throwing
 + Level 4.3(2.8) Armour
 + Level 4.3(2.8) Dodging
 + Level 5.4(3.9) Stealth
 + Level 3.3(1.9) Shields
 + Level 3.3(1.9) Unarmed Combat
 + Level 3.3(1.9) Spellcasting
 + Level 2.7(1.3) Conjurations
 + Level 2.7(1.3) Hexes
 + Level 2.7(1.3) Charms
 + Level 2.7(1.3) Summonings
 + Level 2.7(1.3) Necromancy
 + Level 2.7(1.3) Translocations
 + Level 2.7(1.3) Transmutations
 + Level 2.7(1.3) Fire Magic
 + Level 2.7(1.3) Ice Magic
 + Level 2.7(1.3) Air Magic
 + Level 2.7(1.3) Earth Magic
 + Level 2.7(1.3) Poison Magic
 + Level 3.7(2.2) Invocations
 + Level 3.3(1.9) Evocations


You had 13 spell levels left.
You didn't know any spells.

Dungeon Overview and Level Annotations

Branches:
Dungeon (6/15)             Temple (0/1) D:4

Altars:
Fedhas
Kikubaaqudgha
Makhleb
Nemelex Xobeh
Sif Muna
Yredelemnul

Shops:
D:5 }

Annotations:
D:5 letownia2's ghost, novice MfWz


Innate Abilities, Weirdness & Mutations

Your experience applies equally to all skills.
You have very sharp teeth.
Your uncanny sense of smell can sniff out nearby items.
You have sharp toenails.
Potions are less effective at restoring your health.


Message History

You bite the ice beast, but do no damage.
The ice beast is lightly wounded.
The ice beast closely misses you.
You hit the ice beast but do no damage.
The ice beast is lightly wounded.
The ice beast hits you but does no damage.
You hit the ice beast.
The ice beast is moderately wounded.
You barely miss the ice beast. You claw the ice beast.
You bite the ice beast, but do no damage.
The ice beast is heavily wounded.
The ice beast hits you. The ice beast freezes you!
* * * LOW HITPOINT WARNING * * *
You hit the ice beast. Your kick misses the ice beast.
The ice beast is heavily wounded.
The ice beast hits you.
* * * LOW HITPOINT WARNING * * *
The ice beast freezes you!
You die...
Fedhas appreciates your contribution to the ecosystem.

#........ ... #......#
..... #......### #.....
.##..<..$..### ......
..........#....##......
.....######..).........
...# ......)[).........
.. .#................ .
#####....@Y......
#............
#.........###
.[.............
###..........##
............#
#.#..!.......#
......#.####..


You could see an ice beast.

Vanquished Creatures
  Pikel (D:4)
  Eustachio (D:4)
  The ghost of Redear the Covered, an amateur HOFi (D:3)
  Menkaure (D:4)
  An ogre (D:5)
  A vampire bat (D:5)
  A hound (D:6)
  Crazy Yiuf (D:3)
  An orc wizard (D:5)
  3 worker ants
  12 adders
  3 oozes (D:3)
  2 dart slugs
  A leopard gecko (D:1)
  9 orcs
  3 bats
  4 bat skeletons (D:5)
  2 bat zombies (D:5)
  A giant cockroach (D:2)
  11 hobgoblins
  8 jackals
  7 kobolds
  3 quokkas
  2 frilled lizards
  12 goblins
  A jackal skeleton (D:4)
  A leopard gecko zombie (D:5)
  20 rats
114 creatures vanquished.

Vanquished Creatures (others)
  A slave (D:4)
  A quokka (D:4)
  2 toadstools (D:3)
4 creatures vanquished.

Grand Total: 118 creatures vanquished

Notes
Turn   | Place    | Note
-------+----------+-------------------------------------------
     0 | D:1      | manyhoops the Gnoll Wanderer began the quest for the Orb.
     0 | D:1      | manyhoops set off with: a +0 leather armour, 2 throwing nets, a potion of lignification, a +0 spear, a +0 dagger, a ration
     0 | D:1      | Reached XP level 1. HP: 17/17 MP: 1/1
   114 | D:1      | Reached XP level 2. HP: 22/23 MP: 2/2
   417 | D:1      | Reached XP level 3. HP: 28/28 MP: 3/3
   654 | D:2      | Reached skill level 1 in Invocations
   709 | D:2      | Reached skill level 1 in Short Blades
   709 | D:2      | Reached skill level 1 in Long Blades
   709 | D:2      | Reached skill level 1 in Maces & Flails
   709 | D:2      | Reached skill level 1 in Staves
   709 | D:2      | Reached skill level 1 in Slings
   709 | D:2      | Reached skill level 1 in Bows
   709 | D:2      | Reached skill level 1 in Crossbows
   709 | D:2      | Reached skill level 1 in Shields
   709 | D:2      | Reached skill level 1 in Unarmed Combat
   709 | D:2      | Reached skill level 1 in Spellcasting
   709 | D:2      | Reached skill level 1 in Evocations
   778 | D:2      | Reached XP level 4. HP: 15/34 MP: 5/5
  1156 | D:2      | You fall through a shaft!
  1156 | D:3      | Found a faded altar of an unknown god.
  1208 | D:3      | Became a worshipper of Fedhas Madash
  1208 | D:3      | Reached * piety under Fedhas
  1272 | D:3      | Found a deep blue altar of Sif Muna.
  1368 | D:3      | Reached skill level 1 in Conjurations
  1368 | D:3      | Reached skill level 1 in Hexes
  1368 | D:3      | Reached skill level 1 in Charms
  1368 | D:3      | Reached skill level 1 in Summonings
  1368 | D:3      | Reached skill level 1 in Necromancy
  1368 | D:3      | Reached skill level 1 in Translocations
  1368 | D:3      | Reached skill level 1 in Transmutations
  1368 | D:3      | Reached skill level 1 in Fire Magic
  1368 | D:3      | Reached skill level 1 in Ice Magic
  1368 | D:3      | Reached skill level 1 in Air Magic
  1368 | D:3      | Reached skill level 1 in Earth Magic
  1368 | D:3      | Reached skill level 1 in Poison Magic
  1374 | D:3      | Noticed Redear's ghost (amateur HOFi)
  1384 | D:3      | HP: 2/51 [Redear's ghost (8)]
  1387 | D:3      | Gained mutation: Potions are less effective at restoring your health. [potion of mutation]
  1387 | D:3      | Gained mutation: You have sharp toenails. [potion of mutation]
  1397 | D:3      | HP: 1/51 [Redear's ghost (3)]
  1399 | D:3      | Killed Redear's ghost
  1399 | D:3      | Reached XP level 5. HP: 8/41 MP: 5/7
  1399 | D:3      | Reached XP level 6. HP: 10/47 MP: 5/8
  1790 | D:2      | Found a sparkling altar of Nemelex Xobeh.
  1983 | D:2      | Found a burning altar of Makhleb.
  2525 | D:3      | Found a runed door.
  2546 | D:3      | Found a runed door.
  2546 | D:3      | Noticed a human
  2553 | D:3      | Found a basalt altar of Yredelemnul.
  2596 | D:3      | Noticed Crazy Yiuf
  2605 | D:3      | Killed Crazy Yiuf
  2988 | D:4      | Noticed a slave
  2993 | D:4      | Noticed a slave
  2999 | D:4      | Noticed Pikel
  3000 | D:4      | Noticed a slave
  3002 | D:4      | Noticed a slave
  3060 | D:4      | Killed Pikel
  3060 | D:4      | Reached skill level 7 in Polearms
  3060 | D:4      | Reached skill level 5 in Stealth
  3060 | D:4      | Reached XP level 7. HP: 9/53 MP: 9/11
  3538 | D:4      | Noticed Eustachio
  3539 | D:4      | Noticed Menkaure
  3547 | D:4      | Killed Eustachio
  3547 | D:4      | Reached XP level 8. HP: 58/60 MP: 12/12
  3553 | D:4      | Killed Menkaure
  3908 | D:4      | Found a staircase to the Ecumenical Temple.
  4421 | D:5      | Entered Level 5 of the Dungeon
  4523 | D:5      | Found Vaan's Gadget Shop.
  4662 | D:5      | Found an ancient bone altar of Kikubaaqudgha.
  4699 | D:5      | Noticed letownia2's ghost (novice MfWz)
  4963 | D:6      | Slain by an ice beast

Skill      XL: |  1  2  3  4  5  6  7  8 |
---------------+-------------------------+-----
Invocations    | 1 2 3 |  3.7
Short Blades   | 1 2 3 |  3.3
Long Blades    | 1 2 3 |  3.3
Maces & Flails | 1 2 3 |  3.3
Staves         | 1 2 3 |  3.3
Slings         | 1 2 3 |  3.3
Bows           | 1 2 3 |  3.3
Crossbows      | 1 2 3 |  3.3
Shields        | 1 2 3 |  3.3
Unarmed Combat | 1 2 3 |  3.3
Spellcasting   | 1 2 3 |  3.3
Evocations     | 1 2 3 |  3.3
Conjurations   | 1 2 |  2.7
Hexes          | 1 2 |  2.7
Charms         | 1 2 |  2.7
Summonings     | 1 2 |  2.7
Necromancy     | 1 2 |  2.7
Translocations | 1 2 |  2.7
Transmutations | 1 2 |  2.7
Fire Magic     | 1 2 |  2.7
Ice Magic      | 1 2 |  2.7
Air Magic      | 1 2 |  2.7
Earth Magic    | 1 2 |  2.7
Poison Magic   | 1 2 |  2.7
Fighting       | 3 4 |  4.3
Axes           | 3 4 |  4.3
Throwing       | 3 4 |  4.3
Armour         | 3 4 |  4.3
Dodging        | 3 4 |  4.3
Polearms       | 7 |  7.4
Stealth        | 5 |  5.4

Action                   |  1- 3 |  4- 6 |  7- 9 || total
-------------------------+-------+-------+-------++-------
Melee: Spear             |    96 |   252 |   145 ||   493
       Bite              |     5 |    18 |    16 ||    39
       Kick              |       |    33 |    27 ||    60
       Punch             |       |     2 |     2 ||     4
Throw: Throwing net      |       |     3 |       ||     3
Invok: Fungal Bloom      |       |     1 |       ||     1
  Use: Potion            |       |    11 |       ||    11
       Scroll            |       |     6 |     4 ||    10
 Stab: Sleeping          |    16 |     9 |     2 ||    27
       Held in net/web   |       |     3 |       ||     3
       Distracted        |       |     1 |       ||     1
  Eat: Chunk             |       |     7 |     1 ||     8
       Ration            |       |       |     1 ||     1
Armor: Leather armour    |     7 |    24 |    44 ||    75
       Skin              |       |   107 |       ||   107
Dodge: Dodged            |    30 |   128 |    91 ||   249
